 Dungeon Crawl Stone Soup version 0.26-a0-667-g92642533e4 (webtiles) character file.

Game seed: 13306023849107789719

67 polo the Skirmisher (level 4, 21/37 HPs)
             Began as a Demonspawn Fighter on Oct 16, 2020.
             Quit the game on level 3 of the Dungeon.
             The game lasted 00:02:07 (1398 turns).

polo the Skirmisher (Demonspawn Fighter)            Turns: 1398, Time: 00:02:07

Health: 21/37      AC:  6    Str: 17    XL:     4   Next: 0%
Magic:  2/4        EV:  6    Int: 10    God:
Gold:   174        SH:  8    Dex: 12    Spells: 3/3 levels left

rFire    . . .     SeeInvis .   a - +0 war axe
rCold    . . .     Faith    .   c - +0 kite shield
rNeg     . . .     Spirit   +   k - +0 scale mail
rPois    .         Reflect  .   (no helmet)
rElec    .         Harm     .   (no cloak)
rCorr    .         Rampage  .   (no gloves)
MR       .....                  (no boots)
Stlth    ..........             (no amulet)
HPRegen  0.12/turn              (no ring)
MPRegen  0.09/turn              (no ring)

@: no status effects
A: claws 1, magic shield
a: no special abilities


You were on level 3 of the Dungeon.
You visited 1 branch of the dungeon, and saw 3 of its levels.

You collected 174 gold pieces.

Inventory:

Hand Weapons
 a - a +0 war axe (weapon)
 b - a +1 mace of protection
Armour
 c - a +0 kite shield (worn)
 k - a +0 scale mail (worn)
Scrolls
 e - 5 scrolls of identify {unknown}
 g - a scroll of remove curse {unknown}
 i - a scroll of blinking {unknown}
Potions
 d - a potion of might
 h - a potion of degeneration {unknown}
 j - a potion of berserk rage {unknown}


   Skills:
 + Level 3.6 Fighting
 * Level 3.3 Axes
 - Level 2.6 Armour
 - Level 2.6 Shields


You had 3 spell levels left.
You didn't know any spells.
Your spell library was empty.

Dungeon Overview and Level Annotations

Branches:
Dungeon (3/15)

Altars:


Innate Abilities, Weirdness & Mutations

You have sharp fingernails.
When hurt, damage is shared between your health and your magic reserves.


Message History

You hit the orc.
You kill the orc!
You have reached level 4!
You feel clever.
You feel monstrous as your demonic heritage exerts itself.
Your demonic ancestry asserts itself...
Your fingernails lengthen.
The orc hits you but does no damage.
You hit the orc.
The orc is lightly wounded.
The orc barely misses you.
You hit the orc but do no damage.
The orc is lightly wounded.
The orc hits you but does no damage.
A gnoll comes into view. It is wielding a +0 flail.
You closely miss the orc.
The orc is lightly wounded.
The gnoll shouts!
The orc hits you but does no damage. x2
Are you sure you want to abandon this character and quit the game? (Confirm with "yes".)

#. #.#
#..###
.....
...
#)##
#..#
##o#
#@#
#.#
#<#
#.#
#..
.g.#
....
....#.
.....#


You could see a gnoll and an orc.

Vanquished Creatures
  An adder (D:2)
  A gnoll (D:3)
  An ooze (D:1)
  A worm (D:2)
  A dart slug (D:1)
  4 orcs (D:3)
  3 goblins
  2 hobgoblins (D:1)
  2 jackals (D:2)
  A quokka (D:2)
  8 bats
  3 frilled lizards (D:1)
  A kobold (D:1)
  10 rats
39 creatures vanquished.

Vanquished Creatures (others)
  57 plants (D:1)
57 creatures vanquished.

Grand Total: 96 creatures vanquished

Notes
Turn   | Place    | Note
-------+----------+-------------------------------------------
     0 | D:1      | polo the Demonspawn Fighter began the quest for the Orb.
     0 | D:1      | Reached XP level 1. HP: 18/18 MP: 1/1
   202 | D:1      | Gained mutation: When hurt, damage is shared between your
                  | health and your magic reserves. [demonic ancestry]
   202 | D:1      | Reached XP level 2. HP: 24/24 MP: 2/2
   921 | D:2      | Reached XP level 3. HP: 25/29 MP: 1/3
  1394 | D:3      | Gained mutation: You have sharp fingernails. [demonic
                  | ancestry]
  1394 | D:3      | Reached XP level 4. HP: 20/37 MP: 1/4
  1398 | D:3      | Quit the game

Illustrated notes

Levels and vault maps discovered:
D:1:      roderic_crop_circles_arrival_small, layout_loops_ring,
          columned_hall_lemuel, minmay_misc_feat_four_crosses
D:2:      layout_rooms
D:3:      kennysheep_goblin_castle, layout_rooms, lemuel_coloured_pillars_altar,
          uniq_grinder

Skill      XL: |  1  2  3 |
---------------+----------+-----
Axes           | 2 3 |  3.3
Fighting       | |  3.6
Armour         | |  2.6
Shields        | |  2.6

Action                   |  1- 3 |  4- 6 || total
-------------------------+-------+-------++-------
Melee: War axe           |   132 |     3 ||   135
Armor: Scale mail        |    79 |     4 ||    83
Dodge: Dodged            |    45 |     1 ||    46
Block: Kite shield       |    50 |       ||    50

Table legend: (Time is in decaauts)
 A = Elapsed time spent in this place.
 B = Non-inter-level travel time spent in this place.
 C = Inter-level travel time spent in this place.
 D = Time resting spent in this place.
 E = Time spent auto-exploring this place.
 F = Levels seen in this place.
 G = Mean time per level.
                   A        B        C        D        E       F      G
               +--------+--------+--------+--------+--------+-----+--------+
         Total |   1458 |   1407 |     51 |      0 |   1091 |   3 |  486.0 |
       Dungeon |   1458 |   1407 |     51 |      0 |   1091 |   3 |  486.0 |
               +--------+--------+--------+--------+--------+-----+--------+

Top non-repeatable levels by time:
     D:1: 826 daAuts
     D:2: 596 daAuts
     D:3: 35 daAuts
